 Dungeon Crawl Stone Soup version 0.29-a0-410-g9596d59a08 (webtiles) character file.

Game seed: 3170103198818710462

546 MordorOrchid the Ruffian (level 7, -1/67 HPs)
             Began as a Troll Delver on May 14, 2022.
             Was an Initiate of Cheibriados.
             Slain by an orc warrior
             ... wielding a +0 hand axe
              (11 damage)
             ... on level 6 of the Dungeon.
             The game lasted 00:12:21 (1432 turns).

MordorOrchid the Ruffian (Troll Delver)             Turns: 1432, Time: 00:12:21

Health: -1/67      AC:  5    Str: 22    XL:     7   Next: 6%
Magic:  6/6        EV: 11    Int:  7    God:    Cheibriados [......]
Gold:   202        SH:  0    Dex: 14    Spells: 6/6 levels left

rFire   . . .      SeeInvis .     - Unarmed
rCold   . . .      Faith    .   (no shield)
rNeg    . . .      Spirit   .   a - +1 robe
rPois   .          Reflect  .   (helmet restricted)
rElec   .          Harm     .   (no cloak)
rCorr   .          Rampage  .   (gloves unavailable)
Will    .....                   (boots unavailable)
Stlth   +.........              (no amulet)
HPRegen 1.01/turn               (no ring)
MPRegen 0.10/turn               (no ring)

@: confused, mighty, ambrosia-drunk, flying, very slow
A: large, unfitting armour, claws 3, regeneration 1, shaggy fur 1, tough skin 1
a: Renounce Religion


You were on level 6 of the Dungeon.
You worshipped Cheibriados.
Cheibriados was noncommittal.
You visited 2 branches of the dungeon, and saw 6 of its levels.

You collected 202 gold pieces.

Inventory:

Hand Weapons
 i - a +0 shortbow
 j - a +2 short sword of flaming
Missiles
 g - 30 stones
 q - 10 poisoned darts (quivered)
 w - a throwing net
Armour
 a - a +1 robe (worn)
Wands
 f - a wand of digging (3)
Scrolls
 b - 2 scrolls of fog
 c - 2 scrolls of magic mapping
 d - a scroll of fear
 h - a scroll of enchant armour
 l - a scroll of blinking {unknown}
 p - a scroll of noise {unknown}
 r - 3 scrolls of teleportation
 u - a scroll of torment {unknown}
Potions
 e - 2 potions of haste
 k - a potion of curing
 m - a potion of cancellation {unknown}
 n - a potion of flight
 o - a potion of attraction
 s - a potion of might
 t - a potion of magic
 v - 2 potions of brilliance


   Skills:
 + Level 3.6 Fighting
 * Level 3.6 Dodging
 - Level 2.7 Stealth
 * Level 5.7 Unarmed Combat


You had 6 spell levels left.
You didn't know any spells.
Your spell library was empty.

Dungeon Overview and Level Annotations

Branches:
Dungeon (6/15)             Temple (1/1) D:5

Altars:
Cheibriados
Dithmenos
Elyvilon
Fedhas
Makhleb
Nemelex Xobeh
Okawaru
Qazlal
Ru
Uskayaw
Vehumet
Wu Jian
Xom
Yredelemnul

Shops:
D:5 =


Innate Abilities, Weirdness & Mutations

You are too large for most types of armour.
You have claws for hands.
Your natural rate of healing is unusually fast.
You are covered in fur. (AC +1)
You have tough skin. (AC +1)


Message History

You are too injured to fight recklessly!
Okay, then.
You scratch the orc warrior.
The orc warrior is lightly wounded.
The orc warrior completely misses you.
Unknown command.
You barely miss the orc warrior.
The orc warrior is lightly wounded.
The orc warrior hits you with a +0 hand axe!
* * * LOW HITPOINT WARNING * * *
You closely miss the orc warrior.
The orc warrior is lightly wounded.
The orc warrior barely misses you.
You barely miss the orc warrior. Your claw misses the orc warrior.
The orc warrior is lightly wounded.
The orc warrior hits you with a +0 hand axe!
* * * LOW HITPOINT WARNING * * *
It was a potion of curing.
You feel better.
The orc warrior hits you with a +0 hand axe.
* * * LOW HITPOINT WARNING * * *
Okay, then.
It was a potion of flight.
You feel very buoyant.
You fly up into the air.
The orc warrior hits you with a +0 hand axe!
* * * LOW HITPOINT WARNING * * *
It was a potion of might.
You feel very mighty all of a sudden. The orc warrior closely misses you.
It was a potion of ambrosia.
You are confused.
You feel invigorated.
The orc warrior hits you with a +0 hand axe.
* * * LOW HITPOINT WARNING * * *
You bump into the rock wall.
The orc warrior hits you with a +0 hand axe!
* * * LOW HITPOINT WARNING * * *
You bump into the rock wall.
The orc warrior hits you with a +0 hand axe!
You die...

.# #.# #.# .........#
#.# .........# #.#
.........# #.#
..........####.#
...............@oo#
..............####o#
..............####.#####
..................o....#
..............#..oo....#
........>.....#........#
..............#........#
..............#........#
..............#........#


You could see an orc warrior and 2 orcs.

Vanquished Creatures
  A black bear (D:3)
  A centaur (D:6)
  2 scorpions
  An orc priest (D:4)
  A gnoll shaman (D:4)
  An orc wizard (D:5)
  5 adders
  6 gnolls (D:4)
  A shadow imp (D:5)
  A white imp (D:6)
  An ufetubus (D:5)
  A worm (D:2)
  9 orcs
  A bat (D:3)
  3 endoplasms
  5 goblins
  2 hobgoblins (D:4)
  8 jackals (D:2)
  2 quokkas
  2 ball pythons (D:4)
  A kobold (D:3)
55 creatures vanquished.

Vanquished Creatures (others)
  9 plants (D:4)
9 creatures vanquished.

Grand Total: 64 creatures vanquished

Notes
Turn   | Place    | Note
-------+----------+-------------------------------------------
     0 | D:5      | MordorOrchid the Troll Delver began the quest for the Orb.
     0 | D:5      | Reached XP level 1. HP: 22/22 MP: 0/0
     6 | D:5      | Noticed an orc wizard
    64 | D:6      | Noticed a scorpion
    73 | D:6      | Killed a scorpion
    74 | D:6      | Reached skill level 3 in Unarmed Combat
    74 | D:6      | Reached XP level 2. HP: 23/29 MP: 1/1
    74 | D:6      | Reached XP level 3. HP: 29/36 MP: 2/2
    81 | D:6      | Reached XP level 4. HP: 33/44 MP: 3/3
   130 | D:6      | Noticed a centaur
   137 | D:6      | Killed a centaur
   138 | D:6      | Reached XP level 5. HP: 38/53 MP: 4/4
   164 | D:6      | Noticed a phantom
   303 | D:5      | Reached skill level 4 in Unarmed Combat
   693 | D:3      | Noticed a black bear
   706 | D:3      | Killed a black bear
   707 | D:3      | Reached XP level 6. HP: 45/61 MP: 5/5
   842 | D:4      | Found a sparkling altar of Nemelex Xobeh.
   876 | D:4      | Found a shimmering altar of Xom.
   882 | D:4      | Found an ornate altar of the Wu Jian Council.
   898 | D:4      | Found a sacrificial altar of Ru.
  1027 | D:5      | Found a staircase to the Ecumenical Temple.
  1039 | Temple   | Entered the Ecumenical Temple
  1056 | Temple   | Became a worshipper of Cheibriados the Contemplative
  1112 | D:5      | Reached skill level 5 in Unarmed Combat
  1193 | D:4      | Found a white marble altar of Elyvilon.
  1326 | D:4      | Reached XP level 7. HP: 67/67 MP: 6/6
  1353 | D:5      | Found Kisui's Jewellery Emporium.
  1432 | D:6      | Slain by an orc warrior

Illustrated notes

Levels and vault maps discovered:
D:2:      layout_loops_ring, minivault_4
D:3:      cheibrodos_helix_gallery, layout_basic, tso_oasis_becter
D:4:      layout_rooms, nicolae_hepliaklqana_hippocampus,
          nemelex_spade_bored_becter, mainiacjoe_overflow_large_starburst,
          elyvilon_altar_5, mainiacjoe_overflow_catwalk_spiral, serial_bayou,
          serial_bayou_pond_b, serial_bayou_lagoon_b, serial_bayou_pond_d,
          serial_bayou_shore_b, minmay_small_thing
D:5:      nicolae_BIG_FREAKIN_CUBE, layout_rooms, minmay_temple_entry_poolview,
          serial_shops, nicolae_square_shop
D:6:      layout_basic
Temple:   jpeg_temple_island

Skill      XL: |  1  2  3  4  5  6 |
---------------+-------------------+-----
Dodging        | 2 3 |  3.6
Unarmed Combat | 3 4 5 |  5.7
Fighting       | 3 |  3.6
Stealth        | |  2.7

Action                   |  1- 3 |  4- 6 |  7- 9 || total
-------------------------+-------+-------+-------++-------
Melee: Unarmed           |    10 |   125 |    10 ||   145
       Punch             |       |     3 |       ||     3
Throw: Stone             |     1 |    21 |       ||    22
       Dart              |       |     1 |       ||     1
  Use: Scroll            |       |     5 |     2 ||     7
       Potion            |       |       |     4 ||     4
 Stab: Sleeping          |       |     2 |       ||     2
Armor: Robe              |     2 |    47 |     1 ||    50
Dodge: Dodged            |     4 |    81 |    10 ||    95

Table legend: (Time is in decaauts)
 A = Elapsed time spent in this place.
 B = Non-inter-level travel time spent in this place.
 C = Inter-level travel time spent in this place.
 D = Time resting spent in this place.
 E = Time spent auto-exploring this place.
 F = Levels seen in this place.
 G = Mean time per level.
                   A        B        C        D        E       F      G
               +--------+--------+--------+--------+--------+-----+--------+
         Total |   1524 |   1471 |     53 |      0 |      0 |   6 |  254.0 |
       Dungeon |   1491 |   1453 |     38 |      0 |      0 |   5 |  298.2 |
        Temple |     32 |     17 |     15 |      0 |      0 |   1 |   32.0 |
               +--------+--------+--------+--------+--------+-----+--------+

Top non-repeatable levels by time:
     D:4: 444 daAuts
     D:5: 382 daAuts
     D:3: 266 daAuts
     D:6: 238 daAuts
     D:2: 159 daAuts
  Temple: 32 daAuts
